Red Wings vs Maple Leafs
(R1)
Created - November 11, 2019 at 20:14
Goals
|
Red Wings |
1 |
0 |
1 |
2 |
Maple Leafs |
0 |
1 |
0 |
1 |
|
Shots
|
Red Wings |
14 |
8 |
4 |
26 |
Maple Leafs |
8 |
14 |
12 |
34 |
|
1st period
1. Red Wings , Connor Brown 5 (Adam Henrique 7, Mike Richards 9) at 19:00
Penalties :
Braydon Coburn (Tor) for Holding (Minor) at 2:07, Fabian Brunnstrom (Tor) for High sticking (Minor) at 9:36, Fabian Brunnstrom (Tor) for Hooking (Minor) at 16:52
2nd period
2. Maple Leafs , Patrick Kane 9 (Taylor Hall 9) at 3:49
Penalties :
Blake Comeau (Tor) for Tripping (Minor) at 12:21, Karl Alzner (Det) for Cross-checking (Minor) at 16:05, Brayden Schenn (Tor) for Delaying the game (Minor) at 16:42, Philip Samuelsson (Det) for High sticking (Minor) at 19:30
3rd period
3. Red Wings , Adam Henrique 4 (Mike Richards 10, Connor Brown 3) at 8:32 (PP)
Penalties :
Fabian Brunnstrom (Tor) for Tripping (Minor) at 3:47, Kevin Shattenkirk (Tor) for Cross-checking (Minor) at 8:06, Braydon Coburn (Tor) for Hooking (Minor) at 13:51
Goalie Stats
Josh Harding (Det), 33 saves from 34 shots - (0.971), W, 1-0-1, 60:00 minutes
Marc-André Fleury (Tor), 24 saves from 26 shots - (0.923), L, 5-4-0, 59:02 minutes
Players Stats for Red Wings
Player Name G A P +/- PIM S H SB GA TA FO MP PP MP PK MP
------------------------------------------------------------------------------------
Adam Henrique 1 1 2 1 0 2 2 0 1 2 0/2 20:21 5:24 0:00
Alex Picard 0 0 0 0 0 1 3 0 0 0 0/0 10:26 0:47 0:00
Anton Volchenkov 0 0 0 0 0 0 0 0 0 0 0/0 16:09 0:46 1:37
Carson Mcmillan 0 0 0 0 0 0 0 0 0 0 0/0 10:24 0:00 1:32
Connor Brown 1 1 2 1 0 5 1 0 0 0 3/3 19:46 5:27 0:00
David Krejci 0 0 0 0 0 3 0 0 1 0 3/4 10:37 0:50 0:00
Jiri Fischer 0 0 0 1 0 2 1 0 0 0 0/0 19:32 4:19 0:59
Karl Alzner 0 0 0 1 2 1 0 2 0 1 0/0 18:58 3:46 0:07
Maxim Lapierre 0 0 0 0 0 0 0 0 0 0 0/4 8:43 0:00 1:04
Michael Haley 0 0 0 0 0 0 1 1 0 0 0/1 10:24 0:00 1:32
Mike Richards 0 2 2 1 0 2 0 0 0 0 9/14 20:08 5:24 0:00
Nick Bjugstad 0 0 0 -1 0 3 1 0 0 0 6/18 18:06 6:43 0:00
Ole-Kristian Tollefsen 0 0 0 0 0 1 1 2 2 0 0/0 22:44 7:56 1:04
Petr Pohl 0 0 0 0 0 0 3 0 1 0 1/1 10:26 0:47 0:00
Philip Samuelsson 0 0 0 -1 2 2 2 3 1 3 0/0 24:27 8:28 0:26
Ryan O'Byrne 0 0 0 -1 0 0 1 0 0 2 0/0 17:26 0:42 0:59
Sean Bergenheim 0 0 0 -1 0 3 1 0 0 0 4/6 20:01 6:43 1:04
Tomas Kopecky 0 0 0 -1 0 1 1 0 0 0 0/0 17:22 6:43 0:00
Players Stats for Maple Leafs
Player Name G A P +/- PIM S H SB GA TA FO MP PP MP PK MP
------------------------------------------------------------------------------------
Alex Killorn 0 0 0 0 0 2 0 0 0 0 0/0 9:46 0:00 0:00
Beau Bennett 0 0 0 0 0 1 1 0 1 1 0/0 7:13 0:00 0:00
Ben Smith 0 0 0 -1 0 1 2 2 0 0 0/1 15:43 1:05 4:08
Blake Comeau 0 0 0 0 2 0 1 0 0 1 1/2 12:22 0:00 0:00
Brayden Schenn 0 0 0 1 2 2 1 0 0 0 14/24 19:56 1:04 7:00
Braydon Coburn 0 0 0 0 4 1 0 0 0 1 0/0 18:47 0:00 5:10
Eric Nystrom 0 0 0 0 0 3 0 0 1 0 0/2 16:13 1:05 7:35
Fabian Brunnstrom 0 0 0 -1 6 3 6 1 0 0 2/2 15:29 1:31 1:12
John Klingberg 0 0 0 0 0 1 0 0 2 0 0/0 21:32 2:01 0:05
Jordan Staal 0 0 0 0 0 3 2 1 0 0 6/16 20:45 1:31 4:32
Kevin Shattenkirk 0 0 0 0 2 3 3 1 0 1 0/0 26:21 2:01 5:38
Marc-Édouard Vlasic 0 0 0 0 0 1 1 1 1 0 0/0 14:47 0:35 1:24
Mark Scheifele 0 0 0 0 0 2 0 0 0 1 0/0 11:30 0:00 0:59
Nate Thompson 0 0 0 0 0 1 0 0 0 0 2/3 7:13 0:00 0:00
Patrick Kane 1 0 1 1 0 7 0 0 0 0 1/2 15:34 1:31 0:00
Ryan Parent 0 0 0 0 0 0 0 2 1 0 0/0 18:16 0:35 6:02
Taylor Chorney 0 0 0 0 0 1 1 1 2 1 0/0 20:15 0:00 7:35
Taylor Hall 0 1 1 0 0 2 1 0 0 0 1/1 13:51 0:00 0:28
3 Stars
1 - Josh Harding (Det)
2 - Adam Henrique (Det)
3 - Connor Brown (Det)
Power Play
Red Wings - 1 on 8 Attempt(s) - 12.50%
Maple Leafs - 0 on 2 Attempt(s) - 0.00%
Penalty Kill
Red Wings - 2 on 2 Attempt(s) - 100.00%
- Score 0 goal in Penalty Kill
Maple Leafs - 7 on 8 Attempt(s) - 87.50%
- Score 0 goal in Penalty Kill
Team Stat
Red Wings - Hits : 18 - Faceoff Wins : 26 - Blocked Shots : 8 - Penalty Minutes : 4
Maple Leafs - Hits : 19 - Faceoff Wins : 27 - Blocked Shots : 9 - Penalty Minutes : 16
Official
Referees : Unknown
Linesman : Unknown
Game Notes
No Game Note
Finance
Level 1 -- Attendance: 4975 (82.92%) -- Ticket Income $547,250
Level 2 -- Attendance: 3728 (74.56%) -- Ticket Income $260,960
Level 3 -- Attendance: 1496 (74.80%) -- Ticket Income $68,816
Level 4 -- Attendance: 4000 (100.00%) -- Ticket Income $120,000
Luxury Box -- Attendance: 1000 (100.00%) -- Ticket Income $180,000
Game was played at the Maple Leafs Garden.
Total Attendance: 15199 (84.44%)
Total Ticket Income: $1,177,026
Other Income: $176,554
Total Income: $1,353,580
Red Wings
5 vs 5 Forward
Center Left Wing Right Wing Time % Phy DF OF
1 Mike Richards Adam Henrique Connor Brown 38 0 2 3
2 Nick Bjugstad Sean Bergenheim Tomas Kopecky 37 0 2 3
3 David Krejci Alex Picard Petr Pohl 15 0 3 2
4 Maxim Lapierre Michael Haley Carson Mcmillan 10 1 2 2
5 vs 5 Defense
Defense Defense Time % Phy DF OF
1 Ryan O'Byrne Philip Samuelsson 35 0 3 2
2 Ole-Kristian Tollefsen Karl Alzner 35 0 3 2
3 Jiri Fischer Anton Volchenkov 20 0 3 2
4 Jiri Fischer Anton Volchenkov 10 0 3 2
PowerPlay Forward
Center Left Wing Right Wing Time % Phy DF OF
1 Mike Richards Adam Henrique Connor Brown 55 0 1 4
2 Nick Bjugstad Sean Bergenheim Tomas Kopecky 45 0 1 4
PowerPlay Defense
Defense Defense Time % Phy DF OF
1 Philip Samuelsson Ole-Kristian Tollefsen 60 0 2 3
2 Jiri Fischer Karl Alzner 40 0 2 3
Penalty Kill 4 Players Forward
Center Wing Time % Phy DF OF
1 Michael Haley Carson Mcmillan 50 1 2 2
2 Sean Bergenheim Maxim Lapierre 50 1 2 2
Penalty Kill 4 Players Defense
Defense Defense Time % Phy DF OF
1 Ryan O'Byrne Jiri Fischer 50 1 2 2
2 Philip Samuelsson Anton Volchenkov 50 1 2 2
Penalty Kill - 3 Players Forward
Forward Time % Phy DF OF
1 Carson Mcmillan 60 1 2 2
2 Michael Haley 40 1 2 2
Penalty Kill - 3 Players Defense
Defense Defense Time % Phy DF OF
1 Ryan O'Byrne Jiri Fischer 50 1 2 2
2 Philip Samuelsson Anton Volchenkov 50 1 2 2
4 vs 4 Forward
Center Wing Time % Phy DF OF
1 Mike Richards Adam Henrique 60 1 2 2
2 Nick Bjugstad Sean Bergenheim 40 1 2 2
4 vs 4 Defense
Defense Defense Time % Phy DF OF
1 Ryan O'Byrne Karl Alzner 60 1 2 2
2 Ole-Kristian Tollefsen Philip Samuelsson 40 1 2 2
Last Minutes Offensive
Center Left Wing Right Wing Defense Defense
Mike Richards Adam Henrique Sean Bergenheim Ole-Kristian Tollefsen Philip Samuelsson
Last Minutes Defensive
Center Left Wing Right Wing Defense Defense
Sean Bergenheim Michael Haley Carson Mcmillan Anton Volchenkov Ryan O'Byrne
Goaltenders
Starting : Josh Harding
Backup : James Reimer
Extra Forwards
Normal : Adam Henrique, Connor Brown, David Krejci - PP : David Krejci, Alex Picard - PK : Alex Picard
Extra Defensemen
Normal : Philip Samuelsson, Ole-Kristian Tollefsen, Karl Alzner - PP : Ryan O'Byrne - PK : Ole-Kristian Tollefsen, Karl Alzner
Penalty Shots
Mike Richards, Carson Mcmillan, Maxim Lapierre, Nick Bjugstad, Sean Bergenheim
Scratches
Andrew Alberts (Healthy), Chris Kelly (Healthy)
Maple Leafs
5 vs 5 Forward
Center Left Wing Right Wing Time % Phy DF OF
1 Brayden Schenn Taylor Hall Patrick Kane 40 1 1 3
2 Jordan Staal Fabian Brunnstrom Blake Comeau 30 1 2 2
3 Mark Scheifele Alex Killorn Ben Smith 20 1 2 2
4 Nate Thompson Eric Nystrom Beau Bennett 10 1 3 1
5 vs 5 Defense
Defense Defense Time % Phy DF OF
1 Kevin Shattenkirk John Klingberg 40 1 1 3
2 Braydon Coburn Taylor Chorney 30 1 3 1
3 Marc-Édouard Vlasic Ryan Parent 20 1 2 2
4 Kevin Shattenkirk John Klingberg 10 1 1 3
PowerPlay Forward
Center Left Wing Right Wing Time % Phy DF OF
1 Jordan Staal Fabian Brunnstrom Patrick Kane 60 0 1 4
2 Brayden Schenn Eric Nystrom Ben Smith 40 0 1 4
PowerPlay Defense
Defense Defense Time % Phy DF OF
1 Kevin Shattenkirk John Klingberg 60 0 1 4
2 Marc-Édouard Vlasic Ryan Parent 40 0 1 4
Penalty Kill 4 Players Forward
Center Wing Time % Phy DF OF
1 Brayden Schenn Eric Nystrom 60 1 3 1
2 Jordan Staal Ben Smith 40 1 3 1
Penalty Kill 4 Players Defense
Defense Defense Time % Phy DF OF
1 Braydon Coburn Taylor Chorney 60 1 3 1
2 Ryan Parent Kevin Shattenkirk 40 1 3 1
Penalty Kill - 3 Players Forward
Forward Time % Phy DF OF
1 Brayden Schenn 60 1 4 0
2 Jordan Staal 40 1 4 0
Penalty Kill - 3 Players Defense
Defense Defense Time % Phy DF OF
1 Braydon Coburn Taylor Chorney 60 1 4 0
2 Ryan Parent Kevin Shattenkirk 40 1 4 0
4 vs 4 Forward
Center Wing Time % Phy DF OF
1 Jordan Staal Patrick Kane 60 1 2 2
2 Brayden Schenn Ben Smith 40 1 2 2
4 vs 4 Defense
Defense Defense Time % Phy DF OF
1 Kevin Shattenkirk Braydon Coburn 60 1 2 2
2 John Klingberg Marc-Édouard Vlasic 40 1 2 2
Last Minutes Offensive
Center Left Wing Right Wing Defense Defense
Jordan Staal Taylor Hall Patrick Kane Kevin Shattenkirk John Klingberg
Last Minutes Defensive
Center Left Wing Right Wing Defense Defense
Jordan Staal Eric Nystrom Patrick Kane Braydon Coburn Taylor Chorney
Goaltenders
Starting : Marc-André Fleury
Backup : Tyler Weiman
Extra Forwards
Normal : Jordan Staal, Mark Scheifele, Patrick Kane - PP : Brayden Schenn, Ben Smith - PK : Ben Smith
Extra Defensemen
Normal : John Klingberg, Marc-Édouard Vlasic, Kevin Shattenkirk - PP : Marc-Édouard Vlasic - PK : Ryan Parent, Kevin Shattenkirk
Penalty Shots
Patrick Kane, Mark Scheifele, Taylor Hall, Jordan Staal, Fabian Brunnstrom
Scratches
None
% Time on Ice - Red Wings
Lines # - Real PCT - Wanted PCT - Time Play
Normal Forward
1 - 33% - 38% - 13:58
2 - 25% - 37% - 10:40
3 - 23% - 15% - 9:38
4 - 18% - 10% - 7:39
Normal Defense
1 - 36% - 35% - 14:53
2 - 36% - 35% - 15:14
3 - 21% - 20% - 8:36
4 - 8% - 10% - 3:12
PP Forward
1 - 45% - 55% - 5:48
2 - 55% - 45% - 7:09
PP Defense
1 - 67% - 60% - 8:38
2 - 33% - 40% - 4:19
PK Forward
1 - 59% - 50% - 1:32
2 - 41% - 50% - 1:04
PK Defense
1 - 38% - 50% - 0:59
2 - 62% - 50% - 1:37
PK3 Forward
1 - 0% - 60%
2 - 0% - 40%
PK3 Defense
1 - 0% - 50%
2 - 0% - 50%
44 Forward
1 - 70% - 60% - 0:57
2 - 30% - 40% - 0:25
44 Defense
1 - 100% - 60% - 1:22
2 - 0% - 40% - 0:00
Last Minute Offensive - 0:00
Last Minute Defensive - 1:10
Total
Forward - 60:00
Defense - 60:00
|
% Time on Ice - Maple Leafs
Lines # - Real PCT - Wanted PCT - Time Play
Normal Forward
1 - 30% - 40% - 12:24
2 - 30% - 30% - 12:35
3 - 23% - 20% - 9:46
4 - 17% - 10% - 7:13
Normal Defense
1 - 40% - 40% - 16:39
2 - 32% - 30% - 13:23
3 - 26% - 20% - 11:03
4 - 2% - 10% - 0:53
PP Forward
1 - 58% - 60% - 1:31
2 - 42% - 40% - 1:05
PP Defense
1 - 78% - 60% - 2:01
2 - 22% - 40% - 0:35
PK Forward
1 - 71% - 60% - 9:15
2 - 29% - 40% - 3:42
PK Defense
1 - 65% - 60% - 8:26
2 - 35% - 40% - 4:31
PK3 Forward
1 - 0% - 60%
2 - 0% - 40%
PK3 Defense
1 - 0% - 60%
2 - 0% - 40%
44 Forward
1 - 82% - 60% - 1:07
2 - 18% - 40% - 0:15
44 Defense
1 - 50% - 60% - 0:41
2 - 50% - 40% - 0:41
Last Minute Offensive - 1:07
Last Minute Defensive - 0:00
Total
Forward - 60:00
Defense - 60:00
|
Play-by-Play
1st period
0:01 of 1st period - Brayden Schenn wins face-off versus Adam Henrique in neutral zone.
0:15 of 1st period - Snap shot by Adam Henrique.
0:15 of 1st period - Stopped by Marc-André Fleury without a rebound.
0:16 of 1st period - Fabian Brunnstrom wins face-off versus Nick Bjugstad in Maple Leafs zone.
0:47 of 1st period - Snap shot by David Krejci.
0:47 of 1st period - Stopped by Marc-André Fleury without a rebound.
0:48 of 1st period - Nate Thompson wins face-off versus Maxim Lapierre in Maple Leafs zone.
0:55 of 1st period - Slapshot by Marc-Édouard Vlasic.
0:55 of 1st period - Shot Misses the Net.
1:13 of 1st period - Jiri Fischer is hit by Marc-Édouard Vlasic.
1:35 of 1st period - Alex Killorn is hit by Alex Picard and loses puck.
1:56 of 1st period - Wrist shot by Tomas Kopecky.
1:56 of 1st period - Shot Misses the Net.
1:58 of 1st period - Snap shot by Ole-Kristian Tollefsen.
1:58 of 1st period - Shot Blocked by Fabian Brunnstrom.
2:00 of 1st period - Wrist shot by Karl Alzner.
2:00 of 1st period - Stopped by Marc-André Fleury without a rebound.
2:01 of 1st period - Nick Bjugstad wins face-off versus Brayden Schenn in Maple Leafs zone.
2:07 of 1st period - Minor Penalty to Braydon Coburn for Holding.
2:08 of 1st period - Connor Brown wins face-off versus Brayden Schenn in Maple Leafs zone.
2:28 of 1st period - Taylor Chorney is hit by Philip Samuelsson and loses puck.
3:41 of 1st period - Karl Alzner is hit by Fabian Brunnstrom and loses puck.
4:07 of 1st period - Penalty to Braydon Coburn is over, Braydon Coburn is back on ice.
4:30 of 1st period - Slapshot by Braydon Coburn.
4:30 of 1st period - Shot Misses the Net.
5:00 of 1st period - Jiri Fischer is hit by Kevin Shattenkirk and loses puck.
6:12 of 1st period - Ryan O'Byrne is hit by Brayden Schenn and loses puck.
7:32 of 1st period - Eric Nystrom is hit by Alex Picard and loses puck.
7:45 of 1st period - Nick Bjugstad is hit by Kevin Shattenkirk and loses puck.
9:10 of 1st period - Maxim Lapierre is hit by Fabian Brunnstrom and loses puck.
9:17 of 1st period - Slapshot by Fabian Brunnstrom.
9:17 of 1st period - Stopped by Josh Harding with a rebound.
9:19 of 1st period - Slapshot by Braydon Coburn.
9:19 of 1st period - Stopped by Josh Harding without a rebound.
9:20 of 1st period - Mike Richards wins face-off versus Jordan Staal in Red Wings zone.
9:36 of 1st period - Minor Penalty to Fabian Brunnstrom for High sticking.
9:37 of 1st period - Brayden Schenn wins face-off versus Adam Henrique in Maple Leafs zone.
10:02 of 1st period - Icing by Sean Bergenheim.
10:03 of 1st period - Nick Bjugstad wins face-off versus Brayden Schenn in Red Wings zone.
10:16 of 1st period - Snap shot by Sean Bergenheim.
10:16 of 1st period - Stopped by Marc-André Fleury with a rebound.
10:28 of 1st period - Jiri Fischer is hit by Kevin Shattenkirk and loses puck.
11:05 of 1st period - Icing by Philip Samuelsson.
11:06 of 1st period - Brayden Schenn wins face-off versus Mike Richards in Red Wings zone.
11:30 of 1st period - Ben Smith is hit by Philip Samuelsson and loses puck.
11:36 of 1st period - Penalty to Fabian Brunnstrom is over, Fabian Brunnstrom is back on ice.
11:41 of 1st period - Jordan Staal is hit by Alex Picard and loses puck.
11:48 of 1st period - Snap shot by Petr Pohl.
11:48 of 1st period - Shot Misses the Net.
11:50 of 1st period - Snap shot by Alex Picard.
11:50 of 1st period - Stopped by Marc-André Fleury without a rebound.
11:51 of 1st period - Taylor Hall wins face-off versus Mike Richards in Maple Leafs zone.
11:51 of 1st period - Taylor Hall is hit by Connor Brown.
12:01 of 1st period - Snap shot by Patrick Kane.
12:01 of 1st period - Stopped by Josh Harding with a rebound.
12:15 of 1st period - Eric Nystrom is hit by Tomas Kopecky and loses puck.
13:00 of 1st period - Snap shot by Patrick Kane.
13:00 of 1st period - Shot Misses the Net.
13:02 of 1st period - Snap shot by Ryan Parent.
13:02 of 1st period - Shot Misses the Net.
13:04 of 1st period - Slapshot by Patrick Kane.
13:04 of 1st period - Stopped by Josh Harding with a rebound.
13:16 of 1st period - Wrist shot by Nick Bjugstad.
13:16 of 1st period - Stopped by Marc-André Fleury with a rebound.
13:18 of 1st period - Snap shot by Tomas Kopecky.
13:18 of 1st period - Stopped by Marc-André Fleury without a rebound.
13:19 of 1st period - Jordan Staal wins face-off versus Nick Bjugstad in Maple Leafs zone.
13:24 of 1st period - Ryan O'Byrne is hit by Fabian Brunnstrom and loses puck.
13:37 of 1st period - Wrist shot by Sean Bergenheim.
13:37 of 1st period - Stopped by Marc-André Fleury with a rebound.
13:45 of 1st period - Wrist shot by Sean Bergenheim.
13:45 of 1st period - Shot Misses the Net.
13:50 of 1st period - Off-side.
13:51 of 1st period - Mike Richards wins face-off versus Brayden Schenn in neutral zone.
13:59 of 1st period - Slapshot by John Klingberg.
13:59 of 1st period - Shot Blocked by Karl Alzner.
14:01 of 1st period - Backhand shot by Brayden Schenn.
14:01 of 1st period - Stopped by Josh Harding with a rebound.
14:03 of 1st period - Backhand shot by Patrick Kane.
14:03 of 1st period - Stopped by Josh Harding with a rebound.
14:05 of 1st period - Slapshot by Kevin Shattenkirk.
14:05 of 1st period - Stopped by Josh Harding with a rebound.
14:07 of 1st period - Snap shot by Brayden Schenn.
14:07 of 1st period - Shot Misses the Net.
14:52 of 1st period - Ben Smith is hit by Jiri Fischer and loses puck.
15:05 of 1st period - Slapshot by Brayden Schenn.
15:05 of 1st period - Stopped by Josh Harding without a rebound.
15:06 of 1st period - Petr Pohl wins face-off versus Brayden Schenn in Red Wings zone.
15:29 of 1st period - Slapshot by Philip Samuelsson.
15:29 of 1st period - Stopped by Marc-André Fleury with a rebound.
15:31 of 1st period - Slapshot by Jiri Fischer.
15:31 of 1st period - Stopped by Marc-André Fleury without a rebound.
15:32 of 1st period - Mike Richards wins face-off versus Jordan Staal in Maple Leafs zone.
15:35 of 1st period - Slapshot by Connor Brown.
15:35 of 1st period - Stopped by Marc-André Fleury without a rebound.
15:36 of 1st period - Connor Brown wins face-off versus Blake Comeau in Maple Leafs zone.
15:39 of 1st period - Slapshot by Adam Henrique.
15:39 of 1st period - Shot Misses the Net.
16:30 of 1st period - Patrick Kane is hit by Adam Henrique and loses puck.
16:47 of 1st period - Slapshot by Connor Brown.
16:47 of 1st period - Shot Misses the Net.
16:49 of 1st period - Slapshot by Jiri Fischer.
16:49 of 1st period - Deflect By Connor Brown.
16:49 of 1st period - Stopped by Marc-André Fleury without a rebound.
16:50 of 1st period - Jordan Staal wins face-off versus Nick Bjugstad in Maple Leafs zone.
16:52 of 1st period - Minor Penalty to Fabian Brunnstrom for Hooking.
16:53 of 1st period - Brayden Schenn wins face-off versus Nick Bjugstad in Maple Leafs zone.
17:30 of 1st period - Slapshot by Ole-Kristian Tollefsen.
17:30 of 1st period - Shot Misses the Net.
17:32 of 1st period - Slapshot by Philip Samuelsson.
17:32 of 1st period - Shot Misses the Net.
17:34 of 1st period - Slapshot by Ole-Kristian Tollefsen.
17:34 of 1st period - Shot Blocked by Ryan Parent.
17:36 of 1st period - Slapshot by Sean Bergenheim.
17:36 of 1st period - Shot Blocked by Kevin Shattenkirk.
18:42 of 1st period - Wrist shot by Sean Bergenheim.
18:42 of 1st period - Stopped by Marc-André Fleury without a rebound.
18:43 of 1st period - Mike Richards wins face-off versus Ben Smith in Maple Leafs zone.
18:52 of 1st period - Penalty to Fabian Brunnstrom is over, Fabian Brunnstrom is back on ice.
19:00 of 1st period - Snap shot by Connor Brown.
19:00 of 1st period - Goal by Connor Brown - Red Wings : 1 - Maple Leafs : 0.
19:01 of 1st period - Brayden Schenn wins face-off versus Mike Richards in neutral zone.
Goals for this period are 1 for Red Wings vs 0 for Maple Leafs.
Shots for this period are 14 for Red Wings vs 8 for Maple Leafs.
2nd period
0:01 of 2nd period - Brayden Schenn wins face-off versus Nick Bjugstad in neutral zone.
0:26 of 2nd period - Ryan O'Byrne is hit by Jordan Staal.
0:36 of 2nd period - Slapshot by Mike Richards.
0:36 of 2nd period - Deflect By Kevin Shattenkirk.
0:36 of 2nd period - Shot Misses the Net.
0:36 of 2nd period - Puck is out of play.
0:37 of 2nd period - Sean Bergenheim wins face-off versus Jordan Staal in Maple Leafs zone.
0:40 of 2nd period - Snap shot by Nick Bjugstad.
0:40 of 2nd period - Stopped by Marc-André Fleury without a rebound.
0:41 of 2nd period - Nick Bjugstad wins face-off versus Jordan Staal in Maple Leafs zone.
0:56 of 2nd period - Snap shot by Jordan Staal.
0:56 of 2nd period - Stopped by Josh Harding without a rebound.
0:57 of 2nd period - Mike Richards wins face-off versus Brayden Schenn in Red Wings zone.
1:32 of 2nd period - Slapshot by Fabian Brunnstrom.
1:32 of 2nd period - Stopped by Josh Harding with a rebound.
1:34 of 2nd period - Wrist shot by Blake Comeau.
1:34 of 2nd period - Shot Misses the Net.
1:48 of 2nd period - Taylor Chorney is hit by Ryan O'Byrne and loses puck.
2:13 of 2nd period - Wrist shot by Ben Smith.
2:13 of 2nd period - Shot Blocked by Philip Samuelsson.
2:15 of 2nd period - Slapshot by Alex Killorn.
2:15 of 2nd period - Stopped by Josh Harding with a rebound.
2:17 of 2nd period - Slapshot by Alex Killorn.
2:17 of 2nd period - Stopped by Josh Harding without a rebound.
2:18 of 2nd period - Brayden Schenn wins face-off versus Nick Bjugstad in Red Wings zone.
2:47 of 2nd period - Icing by Jordan Staal.
2:48 of 2nd period - Jordan Staal wins face-off versus Maxim Lapierre in Maple Leafs zone.
3:35 of 2nd period - Snap shot by Jordan Staal.
3:35 of 2nd period - Stopped by Josh Harding with a rebound.
3:37 of 2nd period - Slapshot by John Klingberg.
3:37 of 2nd period - Stopped by Josh Harding without a rebound.
3:38 of 2nd period - Brayden Schenn wins face-off versus Nick Bjugstad in Red Wings zone.
3:49 of 2nd period - Wrist shot by Patrick Kane.
3:49 of 2nd period - Goal by Patrick Kane - Red Wings : 1 - Maple Leafs : 1.
3:50 of 2nd period - Nick Bjugstad wins face-off versus Brayden Schenn in neutral zone.
4:32 of 2nd period - Snap shot by Mark Scheifele.
4:32 of 2nd period - Stopped by Josh Harding without a rebound.
4:33 of 2nd period - David Krejci wins face-off versus Jordan Staal in Red Wings zone.
4:33 of 2nd period - David Krejci is hit by Fabian Brunnstrom.
4:42 of 2nd period - Off-side.
4:43 of 2nd period - Jordan Staal wins face-off versus David Krejci in neutral zone.
5:31 of 2nd period - Snap shot by David Krejci.
5:31 of 2nd period - Stopped by Marc-André Fleury with a rebound.
5:33 of 2nd period - Snap shot by Petr Pohl.
5:33 of 2nd period - Shot Misses the Net.
5:41 of 2nd period - Slapshot by David Krejci.
5:41 of 2nd period - Deflect By Taylor Chorney.
5:41 of 2nd period - Stopped by Marc-André Fleury without a rebound.
5:42 of 2nd period - Brayden Schenn wins face-off versus Nick Bjugstad in Maple Leafs zone.
5:42 of 2nd period - Brayden Schenn is hit by Nick Bjugstad.
5:50 of 2nd period - Snap shot by Patrick Kane.
5:50 of 2nd period - Shot Blocked by Ole-Kristian Tollefsen.
5:58 of 2nd period - Wrist shot by Patrick Kane.
5:58 of 2nd period - Stopped by Josh Harding with a rebound.
6:16 of 2nd period - Snap shot by Kevin Shattenkirk.
6:16 of 2nd period - Shot Blocked by Karl Alzner.
6:18 of 2nd period - Snap shot by Alex Killorn.
6:18 of 2nd period - Deflect By Ben Smith.
6:18 of 2nd period - Stopped by Josh Harding with a rebound.
7:53 of 2nd period - Wrist shot by Jordan Staal.
7:53 of 2nd period - Stopped by Josh Harding with a rebound.
8:11 of 2nd period - Slapshot by Connor Brown.
8:11 of 2nd period - Shot Misses the Net.
8:13 of 2nd period - Wrist shot by Jiri Fischer.
8:13 of 2nd period - Stopped by Marc-André Fleury with a rebound.
8:15 of 2nd period - Wrist shot by Mike Richards.
8:15 of 2nd period - Stopped by Marc-André Fleury with a rebound.
8:31 of 2nd period - Slapshot by Beau Bennett.
8:31 of 2nd period - Stopped by Josh Harding without a rebound.
8:32 of 2nd period - Nate Thompson wins face-off versus Mike Richards in Red Wings zone.
9:24 of 2nd period - Mark Scheifele is hit by Petr Pohl and loses puck.
10:36 of 2nd period - Snap shot by Mike Richards.
10:36 of 2nd period - Shot Blocked by Ben Smith.
11:32 of 2nd period - Wrist shot by Adam Henrique.
11:32 of 2nd period - Deflect By Mike Richards.
11:32 of 2nd period - Stopped by Marc-André Fleury with a rebound.
11:38 of 2nd period - Wrist shot by Connor Brown.
11:38 of 2nd period - Stopped by Marc-André Fleury with a rebound.
11:50 of 2nd period - Snap shot by Connor Brown.
11:50 of 2nd period - Shot Misses the Net.
11:52 of 2nd period - Slapshot by Mike Richards.
11:52 of 2nd period - Shot Blocked by Ben Smith.
11:54 of 2nd period - Slapshot by Ole-Kristian Tollefsen.
11:54 of 2nd period - Stopped by Marc-André Fleury without a rebound.
11:55 of 2nd period - Brayden Schenn wins face-off versus Sean Bergenheim in Maple Leafs zone.
12:21 of 2nd period - Minor Penalty to Blake Comeau for Tripping.
12:22 of 2nd period - Nick Bjugstad wins face-off versus Eric Nystrom in Maple Leafs zone.
13:53 of 2nd period - Icing by Ole-Kristian Tollefsen.
13:54 of 2nd period - David Krejci wins face-off versus Jordan Staal in Red Wings zone.
14:21 of 2nd period - Penalty to Blake Comeau is over, Blake Comeau is back on ice.
16:05 of 2nd period - Minor Penalty to Karl Alzner for Cross-checking.
16:06 of 2nd period - Fabian Brunnstrom wins face-off versus Michael Haley in Red Wings zone.
16:42 of 2nd period - Minor Penalty to Brayden Schenn for Delaying the game.
16:43 of 2nd period - Mike Richards wins face-off versus Jordan Staal in Maple Leafs zone.
18:05 of 2nd period - Penalty to Karl Alzner is over, Karl Alzner is back on ice.
18:42 of 2nd period - Penalty to Brayden Schenn is over, Brayden Schenn is back on ice.
18:53 of 2nd period - Backhand shot by Taylor Hall.
18:53 of 2nd period - Stopped by Josh Harding with a rebound.
19:24 of 2nd period - Snap shot by Patrick Kane.
19:24 of 2nd period - Stopped by Josh Harding with a rebound.
19:30 of 2nd period - Minor Penalty to Philip Samuelsson for High sticking.
19:31 of 2nd period - Sean Bergenheim wins face-off versus Jordan Staal in Red Wings zone.
19:56 of 2nd period - Anton Volchenkov is hit by Ben Smith and loses puck.
Goals for this period are 0 for Red Wings vs 1 for Maple Leafs.
Shots for this period are 8 for Red Wings vs 14 for Maple Leafs.
3rd period
0:01 of 3rd period - Sean Bergenheim wins face-off versus Jordan Staal in neutral zone.
1:30 of 3rd period - Penalty to Philip Samuelsson is over, Philip Samuelsson is back on ice.
1:44 of 3rd period - Wrist shot by Kevin Shattenkirk.
1:44 of 3rd period - Stopped by Josh Harding with a rebound.
1:54 of 3rd period - Blake Comeau is hit by Petr Pohl and loses puck.
2:27 of 3rd period - Mike Richards is hit by Ben Smith and loses puck.
2:34 of 3rd period - Mark Scheifele is hit by Adam Henrique and loses puck.
3:03 of 3rd period - Carson Mcmillan is hit by Blake Comeau and loses puck.
3:20 of 3rd period - Tomas Kopecky is hit by Beau Bennett and loses puck.
3:45 of 3rd period - Snap shot by Adam Henrique.
3:45 of 3rd period - Shot Blocked by Marc-Édouard Vlasic.
3:47 of 3rd period - Minor Penalty to Fabian Brunnstrom for Tripping.
3:48 of 3rd period - Mike Richards wins face-off versus Brayden Schenn in Maple Leafs zone.
4:21 of 3rd period - Snap shot by Sean Bergenheim.
4:21 of 3rd period - Shot Misses the Net.
5:47 of 3rd period - Penalty to Fabian Brunnstrom is over, Fabian Brunnstrom is back on ice.
5:59 of 3rd period - Wrist shot by Blake Comeau.
5:59 of 3rd period - Shot Misses the Net.
6:19 of 3rd period - Ben Smith is hit by Petr Pohl and loses puck.
7:27 of 3rd period - Slapshot by Eric Nystrom.
7:27 of 3rd period - Stopped by Josh Harding without a rebound.
7:28 of 3rd period - David Krejci wins face-off versus Nate Thompson in Red Wings zone.
8:06 of 3rd period - Minor Penalty to Kevin Shattenkirk for Cross-checking.
8:07 of 3rd period - Mike Richards wins face-off versus Brayden Schenn in Maple Leafs zone.
8:14 of 3rd period - Wrist shot by Connor Brown.
8:14 of 3rd period - Stopped by Marc-André Fleury without a rebound.
8:15 of 3rd period - Brayden Schenn wins face-off versus Mike Richards in Maple Leafs zone.
8:32 of 3rd period - Slapshot by Mike Richards.
8:32 of 3rd period - Deflect By Adam Henrique.
8:32 of 3rd period - Goal by Adam Henrique - Red Wings : 2 - Maple Leafs : 1.
8:33 of 3rd period - Brayden Schenn wins face-off versus Nick Bjugstad in neutral zone.
8:44 of 3rd period - Wrist shot by Taylor Hall.
8:44 of 3rd period - Shot Misses the Net.
8:58 of 3rd period - Connor Brown is hit by Fabian Brunnstrom and loses puck.
9:05 of 3rd period - Snap shot by Fabian Brunnstrom.
9:05 of 3rd period - Shot Blocked by Philip Samuelsson.
9:07 of 3rd period - Slapshot by Taylor Chorney.
9:07 of 3rd period - Stopped by Josh Harding with a rebound.
9:09 of 3rd period - Slapshot by Fabian Brunnstrom.
9:09 of 3rd period - Stopped by Josh Harding with a rebound.
10:28 of 3rd period - Wrist shot by Eric Nystrom.
10:28 of 3rd period - Shot Misses the Net.
10:30 of 3rd period - Snap shot by Eric Nystrom.
10:30 of 3rd period - Stopped by Josh Harding with a rebound.
10:40 of 3rd period - Snap shot by Nate Thompson.
10:40 of 3rd period - Deflect By Eric Nystrom.
10:40 of 3rd period - Stopped by Josh Harding with a rebound.
10:42 of 3rd period - Slapshot by Nate Thompson.
10:42 of 3rd period - Stopped by Josh Harding without a rebound.
10:43 of 3rd period - Brayden Schenn wins face-off versus Nick Bjugstad in Red Wings zone.
11:13 of 3rd period - Jiri Fischer is hit by Jordan Staal and loses puck.
12:17 of 3rd period - John Klingberg is hit by Ole-Kristian Tollefsen and loses puck.
12:21 of 3rd period - Icing by Jordan Staal.
12:22 of 3rd period - Jordan Staal wins face-off versus Maxim Lapierre in Maple Leafs zone.
12:29 of 3rd period - Kevin Shattenkirk is hit by Michael Haley and loses puck.
12:38 of 3rd period - Snap shot by Fabian Brunnstrom.
12:38 of 3rd period - Shot Blocked by Ole-Kristian Tollefsen.
12:40 of 3rd period - Snap shot by Blake Comeau.
12:40 of 3rd period - Shot Misses the Net.
12:42 of 3rd period - Slapshot by Marc-Édouard Vlasic.
12:42 of 3rd period - Stopped by Josh Harding without a rebound.
12:43 of 3rd period - Brayden Schenn wins face-off versus Nick Bjugstad in Red Wings zone.
13:31 of 3rd period - Off-side.
13:32 of 3rd period - Blake Comeau wins face-off versus Maxim Lapierre in neutral zone.
13:47 of 3rd period - Slapshot by Philip Samuelsson.
13:47 of 3rd period - Stopped by Marc-André Fleury without a rebound.
13:48 of 3rd period - Patrick Kane wins face-off versus Nick Bjugstad in Maple Leafs zone.
13:48 of 3rd period - Patrick Kane is hit by Sean Bergenheim.
13:51 of 3rd period - Minor Penalty to Braydon Coburn for Hooking.
13:52 of 3rd period - Connor Brown wins face-off versus Eric Nystrom in Maple Leafs zone.
13:52 of 3rd period - Snap shot by Adam Henrique.
13:52 of 3rd period - Shot Blocked by Taylor Chorney.
14:26 of 3rd period - Snap shot by Tomas Kopecky.
14:26 of 3rd period - Shot Misses the Net.
14:28 of 3rd period - Wrist shot by Nick Bjugstad.
14:28 of 3rd period - Stopped by Marc-André Fleury without a rebound.
14:29 of 3rd period - Mike Richards wins face-off versus Jordan Staal in Maple Leafs zone.
15:11 of 3rd period - Wrist shot by Sean Bergenheim.
15:11 of 3rd period - Deflect By Kevin Shattenkirk.
15:11 of 3rd period - Shot Blocked by Jordan Staal.
15:11 of 3rd period - Puck is out of play.
15:12 of 3rd period - Nick Bjugstad wins face-off versus Brayden Schenn in Maple Leafs zone.
15:35 of 3rd period - Mike Richards is hit by Taylor Chorney and loses puck.
15:44 of 3rd period - Slapshot by Jordan Staal.
15:44 of 3rd period - Shot Misses the Net.
15:51 of 3rd period - Penalty to Braydon Coburn is over, Braydon Coburn is back on ice.
16:14 of 3rd period - Snap shot by Tomas Kopecky.
16:14 of 3rd period - Shot Blocked by Ryan Parent.
16:44 of 3rd period - Slapshot by Mark Scheifele.
16:44 of 3rd period - Stopped by Josh Harding with a rebound.
16:56 of 3rd period - Ryan O'Byrne is hit by Taylor Hall and loses puck.
17:26 of 3rd period - Snap shot by Eric Nystrom.
17:26 of 3rd period - Shot Blocked by Philip Samuelsson.
17:53 of 3rd period - Adam Henrique is hit by Fabian Brunnstrom and loses puck.
19:02 of 3rd period - Maple Leafs, Marc-André Fleury is pulled from the net.
19:33 of 3rd period - Snap shot by Patrick Kane.
19:33 of 3rd period - Shot Misses the Net.
19:35 of 3rd period - Wrist shot by Taylor Hall.
19:35 of 3rd period - Stopped by Josh Harding without a rebound.
19:36 of 3rd period - Pat Burns call a timeout for Maple Leafs.
19:36 of 3rd period - Jordan Staal wins face-off versus Sean Bergenheim in Red Wings zone.
19:41 of 3rd period - Wrist shot by Patrick Kane.
19:41 of 3rd period - Shot Blocked by Michael Haley.
19:43 of 3rd period - Snap shot by Kevin Shattenkirk.
19:43 of 3rd period - Stopped by Josh Harding without a rebound.
19:44 of 3rd period - Sean Bergenheim wins face-off versus Patrick Kane in Red Wings zone.
19:53 of 3rd period - Snap shot by Patrick Kane.
19:53 of 3rd period - Stopped by Josh Harding with a rebound.
Goals for this period are 1 for Red Wings vs 0 for Maple Leafs.
Shots for this period are 4 for Red Wings vs 12 for Maple Leafs.
Back to the Top